[ AOE2 MATCH · #483132995 ]
UnrankedByzantines vs Chinese
[ REPLAY ANALYSIS · EXTRACTED FROM THE RECORDED GAME ]
Feudal
12:48
Castle
20:39
Imperial
34:22
| APM avg | 15.2 |
| APM peak | 45 |
| eAPM avg | 10.7 |
| Villagers / military | 186 / 931 |
Focus
⚔️ 46.7% · 🌾 53.3%
Skirmisher ×464 · Spearman ×245 · Cataphract ×117 · Hand Cannoneer ×61 · Trade Cart ×39 · Battering Ram ×17
Feudal
11:31
Castle
18:54
Imperial
33:59
| APM avg | 11.7 |
| APM peak | 55 |
| eAPM avg | 8.0 |
| Villagers / military | 105 / 297 |
Focus
⚔️ 42.6% · 🌾 57.4%
Scout Cavalry ×166 · Scorpion ×99 · Iron Pagoda ×25 · Trade Cart ×10 · Trebuchet (Packed) ×7
Feudal
13:02
Castle
18:55
Imperial
31:46
| APM avg | 31.0 |
| APM peak | 82 |
| eAPM avg | 27.7 |
| Villagers / military | 129 / 739 |
Focus
⚔️ 60.4% · 🌾 39.6%
Skirmisher ×480 · Spearman ×115 · Bombard Cannon ×86 · Battle Elephant ×48 · Trade Cart ×40 · Mangonel ×8
Feudal
12:00
Castle
16:18
Imperial
33:14
| APM avg | 29.5 |
| APM peak | 73 |
| eAPM avg | 23.6 |
| Villagers / military | 300 / 696 |
Focus
⚔️ 45.2% · 🌾 54.8%
Militia ×247 · Skirmisher ×216 · Spearman ×112 · Elephant Archer ×79 · Trade Cart ×64 · Bombard Cannon ×32
Feudal
12:24
Castle
19:52
Imperial
30:21
| APM avg | 32.4 |
| APM peak | 132 |
| eAPM avg | 29.0 |
| Villagers / military | 204 / 899 |
Focus
⚔️ 48.5% · 🌾 51.5%
Militia ×502 · Knight ×278 · Trade Cart ×132 · Archer ×46 · Cavalry Archer ×37 · Scout Cavalry ×35
Feudal
—
Castle
—
Imperial
—
| APM avg | 21.9 |
| APM peak | 66 |
| eAPM avg | 18.6 |
| Villagers / military | 130 / 1678 |
Focus
⚔️ 55.5% · 🌾 44.5%
Spearman ×1071 · Scout Cavalry ×217 · Ballista Elephant ×185 · Skirmisher ×83 · Scorpion ×63 · Knight ×39
Feudal
11:23
Castle
15:45
Imperial
30:11
| APM avg | 45.2 |
| APM peak | 119 |
| eAPM avg | 34.8 |
| Villagers / military | 138 / 1045 |
Focus
⚔️ 60.1% · 🌾 39.9%
Scout Cavalry ×459 · Skirmisher ×170 · Archer ×157 · Genoese Crossbowman ×126 · Trade Cart ×79 · Unknown (882) ×79
Feudal
13:22
Castle
16:56
Imperial
32:02
| APM avg | 31.7 |
| APM peak | 65 |
| eAPM avg | 25.2 |
| Villagers / military | 155 / 2054 |
Focus
⚔️ 47.0% · 🌾 53.0%
Skirmisher ×926 · Spearman ×871 · Archer ×136 · Rattan Archer ×69 · Bombard Cannon ×26 · Petard ×18
Match map
Initial resources + every placement click. Lines = walls · curves = elevation contours. ◆ gold · ⬟ stone · ● berries · ✦ relic · ◌ wall gap
Your base· ✓ Closed at 20:39 · 50t walls · 1 gate(s)
Øgusson's base· ✓ Closed at 18:54 · 24t walls · 1 gate(s)
Aqui es GG's base· ✓ Closed at 18:55 · 18t walls · no gate
№×℗'s base· ✓ Closed at 16:18 · 21t walls · no gate
LocalFukBoy's base· ✓ Closed at 19:52 · 38t walls · 1 gate(s)
tinchoxD1932's base· ✓ Closed at 14:42 · 10t walls · 1 gate(s)
junior_nyc's base· ✓ Closed at 15:45 · 0t walls · no gate
Rookie27's base· ✓ Closed at 16:56 · 11t walls · no gate
Smoothed initial terrain · ◌ = detected wall gap · hover for details
Inputs per minute
— Морозець - - Øgusson
Build order — Морозець
First 150 of 545 actions detected
| 0:03 | Research | Loom |
| 0:04 | Create | Villager (Male) |
| 0:04 | Create | Villager (Male) |
| 0:04 | Create | Villager (Male) |
| 0:04 | Create | Villager (Male) |
| 0:05 | Create | Villager (Male) |
| 0:11 | Build | House |
| 0:59 | Build | Palisade Wall |
| 1:48 | Build | Palisade Wall |
| 1:50 | Build | Palisade Wall |
| 2:16 | Build | Palisade Wall |
| 2:48 | Create | Villager (Male) |
| 2:48 | Create | Villager (Male) |
| 3:46 | Build | House |
| 3:52 | Build | House |
| 3:58 | Build | Palisade Wall |
| 4:12 | Create | Villager (Male) ×3 |
| 4:12 | Create | Villager (Male) ×3 |
| 4:12 | Create | Villager (Male) ×3 |
| 4:57 | Create | Villager (Male) |
| 4:57 | Create | Villager (Male) |
| 5:35 | Create | Villager (Male) |
| 5:36 | Create | Villager (Male) |
| 5:36 | Create | Villager (Male) |
| 6:35 | Create | Villager (Male) |
| 6:35 | Create | Villager (Male) |
| 6:36 | Create | Villager (Male) |
| 8:01 | Create | Villager (Male) |
| 8:01 | Create | Villager (Male) |
| 8:02 | Create | Villager (Male) |
| 8:16 | Build | Lumber Camp |
| 8:42 | Create | Villager (Male) |
| 8:42 | Create | Villager (Male) |
| 8:47 | Build | House |
| 9:46 | Build | Mill |
| 9:53 | Create | Villager (Male) |
| 10:38 | Research | Feudal Age |
| 12:48 | Age | Feudal Age |
| 13:01 | Research | Horse Collar |
| 13:01 | Research | Horse Collar |
| 13:03 | Research | Double-Bit Axe |
| 13:03 | Research | Double-Bit Axe |
| 13:05 | Create | Villager (Male) ×5 |
| 13:06 | Create | Villager (Male) ×5 |
| 13:37 | Build | Mining Camp |
| 13:40 | Build | House |
| 13:59 | Build | Stone Wall |
| 14:02 | Build | Gate |
| 14:40 | Build | Market |
| 14:47 | Build | Blacksmith |
| 15:02 | Build | Farm |
| 15:02 | Build | Farm |
| 15:02 | Build | Farm |
| 15:03 | Build | Farm |
| 15:10 | Build | Farm |
| 15:10 | Build | Farm |
| 16:23 | Build | House |
| 16:29 | Build | House |
| 16:43 | Build | Outpost |
| 16:49 | Create | Villager (Male) |
| 16:50 | Create | Villager (Male) |
| 17:48 | Research | Castle Age |
| 17:48 | Research | Castle Age |
| 18:03 | Build | Farm |
| 18:03 | Build | Farm |
| 18:03 | Build | Farm |
| 18:04 | Build | Farm |
| 18:04 | Build | Farm |
| 18:05 | Build | Farm |
| 18:05 | Build | Farm |
| 20:39 | Age | Castle Age |
| 20:42 | Build | Town Center |
| 20:58 | Build | Town Center |
| 21:02 | Create | Villager (Male) ×5 |
| 21:05 | Research | Heavy Plow |
| 21:05 | Research | Heavy Plow |
| 21:22 | Research | Bow Saw |
| 22:29 | Create | Villager (Male) ×5 |
| 22:36 | Research | Wheelbarrow |
| 22:45 | Build | Outpost |
| 23:08 | Create | Villager (Male) ×5 |
| 23:08 | Create | Villager (Male) ×5 |
| 23:44 | Build | Town Center |
| 24:36 | Build | House |
| 24:39 | Build | House |
| 24:42 | Build | House |
| 24:43 | Build | House |
| 24:48 | Build | House |
| 25:02 | Build | Farm |
| 25:02 | Build | Farm |
| 25:02 | Build | Farm |
| 25:13 | Create | Villager (Male) ×5 |
| 25:14 | Create | Villager (Male) ×5 |
| 25:14 | Create | Villager (Male) ×5 |
| 25:14 | Create | Villager (Male) ×3 |
| 25:41 | Research | Gold Mining |
| 25:58 | Research | Stone Mining |
| 25:59 | Research | Stone Mining |
| 26:04 | Build | Farm |
| 26:05 | Build | Farm |
| 26:12 | Create | Villager (Male) |
| 26:12 | Create | Villager (Male) |
| 26:19 | Build | Farm |
| 26:27 | Create | Villager (Male) ×2 |
| 26:27 | Create | Villager (Male) ×2 |
| 26:43 | Create | Villager (Male) |
| 26:43 | Create | Villager (Male) ×2 |
| 26:43 | Create | Villager (Male) |
| 26:52 | Build | Farm |
| 26:53 | Build | Farm |
| 26:58 | Build | Farm |
| 27:12 | Build | Castle |
| 27:19 | Build | Mining Camp |
| 27:25 | Create | Villager (Male) ×4 |
| 27:25 | Create | Villager (Male) ×4 |
| 27:25 | Create | Villager (Male) ×5 |
| 27:26 | Create | Villager (Male) |
| 27:34 | Build | House |
| 27:36 | Build | House |
| 27:38 | Build | House |
| 27:39 | Build | House |
| 27:42 | Build | House |
| 27:43 | Build | House |
| 27:44 | Build | House |
| 27:49 | Create | Villager (Male) ×2 |
| 27:49 | Create | Villager (Male) ×2 |
| 27:57 | Build | Farm |
| 27:57 | Build | Farm |
| 28:04 | Build | Farm |
| 28:08 | Build | Farm |
| 28:12 | Create | Villager (Male) ×4 |
| 28:12 | Create | Villager (Male) ×4 |
| 28:32 | Create | Villager (Male) ×3 |
| 28:32 | Create | Villager (Male) ×3 |
| 28:32 | Create | Villager (Male) ×3 |
| 28:50 | Build | Farm |
| 28:50 | Build | Farm |
| 28:51 | Build | Farm |
| 28:51 | Build | Farm |
| 29:05 | Create | Villager (Male) ×5 |
| 29:05 | Create | Villager (Male) ×5 |
| 29:06 | Create | Villager (Male) |
| 29:06 | Create | Villager (Male) |
| 29:18 | Build | Mill |
| 29:20 | Build | Farm |
| 29:20 | Build | Farm |
| 29:21 | Build | Farm |
| 29:21 | Build | Farm |
| 29:25 | Create | Villager (Male) ×3 |
| 29:26 | Create | Villager (Male) ×3 |
Build order — Øgusson
First 150 of 451 actions detected
| 0:07 | Research | Loom |
| 0:59 | Create | Villager (Male) |
| 1:36 | Build | House |
| 1:37 | Build | House |
| 1:42 | Create | Villager (Male) |
| 1:48 | Build | House |
| 1:49 | Build | House |
| 2:07 | Create | Villager (Male) |
| 2:37 | Create | Villager (Male) |
| 2:59 | Create | Villager (Male) |
| 3:33 | Create | Villager (Male) |
| 3:33 | Create | Villager (Male) |
| 4:05 | Create | Villager (Male) |
| 4:05 | Create | Villager (Male) |
| 4:35 | Build | Lumber Camp |
| 4:42 | Create | Villager (Male) |
| 4:42 | Create | Villager (Male) |
| 5:23 | Create | Villager (Male) |
| 5:24 | Create | Villager (Male) |
| 5:54 | Create | Villager (Male) |
| 5:57 | Create | Villager (Male) |
| 6:20 | Build | Mill |
| 7:09 | Build | Mining Camp |
| 7:42 | Create | Villager (Male) |
| 7:42 | Create | Villager (Male) |
| 8:06 | Build | Barracks |
| 8:43 | Build | Mining Camp |
| 9:21 | Research | Feudal Age |
| 9:34 | Build | Farm |
| 10:26 | Create | Villager (Male) |
| 11:13 | Create | Villager (Male) |
| 11:30 | Create | Villager (Male) |
| 11:31 | Age | Feudal Age |
| 11:46 | Build | Stone Wall |
| 11:49 | Build | Gate |
| 11:56 | Build | Stone Wall |
| 11:57 | Build | Stone Wall |
| 12:01 | Build | Gate |
| 12:14 | Build | Blacksmith |
| 12:17 | Create | Villager (Male) |
| 12:17 | Create | Villager (Male) |
| 12:27 | Build | Farm |
| 12:53 | Build | Farm |
| 12:55 | Create | Villager (Male) |
| 13:20 | Build | Farm |
| 13:30 | Build | Archery Range |
| 14:00 | Create | Villager (Male) |
| 14:12 | Build | House |
| 14:19 | Create | Villager (Male) |
| 15:02 | Build | Lumber Camp |
| 15:05 | Create | Villager (Male) |
| 15:33 | Build | House |
| 15:34 | Build | House |
| 15:35 | Build | House |
| 15:36 | Build | House |
| 15:38 | Build | House |
| 15:40 | Build | House |
| 16:02 | Build | Farm |
| 16:03 | Build | Farm |
| 16:04 | Build | Farm |
| 16:05 | Build | Farm |
| 16:06 | Build | Farm |
| 16:14 | Research | Castle Age |
| 18:02 | Build | Farm |
| 18:02 | Build | Farm |
| 18:03 | Build | Farm |
| 18:04 | Build | Farm |
| 18:08 | Research | Double-Bit Axe |
| 18:12 | Research | Horse Collar |
| 18:14 | Research | Stone Mining |
| 18:15 | Research | Gold Mining |
| 18:18 | Create | Villager (Male) |
| 18:29 | Create | Villager (Male) |
| 18:46 | Create | Villager (Male) |
| 18:54 | Age | Castle Age |
| 19:07 | Create | Villager (Male) |
| 19:18 | Create | Villager (Male) |
| 19:26 | Build | Town Center |
| 19:33 | Create | Villager (Male) |
| 19:49 | Build | Town Center |
| 20:25 | Build | House |
| 20:27 | Build | House |
| 20:41 | Build | Town Center |
| 20:55 | Research | Wheelbarrow |
| 21:11 | Research | Bow Saw |
| 21:27 | Build | House |
| 21:29 | Build | House |
| 21:31 | Build | House |
| 21:56 | Research | Heavy Plow |
| 22:16 | Research | Stone Shaft Mining |
| 22:24 | Research | Gold Shaft Mining |
| 23:07 | Create | Villager (Male) |
| 23:07 | Create | Villager (Male) |
| 23:07 | Create | Villager (Male) |
| 23:09 | Create | Villager (Male) |
| 23:17 | Build | Lumber Camp |
| 23:38 | Build | Farm |
| 23:41 | Build | Farm |
| 23:54 | Create | Villager (Male) |
| 23:54 | Create | Villager (Male) |
| 23:55 | Create | Villager (Male) |
| 23:55 | Create | Villager (Male) |
| 23:59 | Build | Market |
| 24:21 | Create | Villager (Male) |
| 24:22 | Create | Villager (Male) |
| 24:22 | Create | Villager (Male) |
| 24:31 | Create | Villager (Male) |
| 24:35 | Build | Farm |
| 24:39 | Build | Farm |
| 24:52 | Build | Farm |
| 25:11 | Build | Castle |
| 25:18 | Create | Villager (Male) |
| 25:19 | Create | Villager (Male) |
| 25:19 | Create | Villager (Male) |
| 25:20 | Create | Villager (Male) |
| 25:27 | Research | Elite Skirmisher (upgrade) |
| 25:35 | Create | Villager (Male) |
| 25:35 | Create | Villager (Male) |
| 25:36 | Create | Villager (Male) |
| 25:36 | Create | Villager (Male) |
| 25:39 | Create | Villager (Male) |
| 25:49 | Build | Farm |
| 25:53 | Build | Farm |
| 25:58 | Create | Villager (Male) |
| 25:58 | Create | Villager (Male) |
| 25:59 | Create | Villager (Male) |
| 26:05 | Create | Villager (Male) |
| 26:16 | Build | Farm |
| 26:21 | Build | Farm |
| 26:39 | Build | University |
| 26:44 | Build | Farm |
| 26:49 | Create | Villager (Male) |
| 26:49 | Create | Villager (Male) |
| 26:49 | Create | Villager (Male) |
| 26:50 | Create | Villager (Male) |
| 26:50 | Create | Villager (Male) |
| 26:51 | Create | Villager (Male) |
| 26:51 | Create | Villager (Male) |
| 26:54 | Create | Villager (Male) |
| 27:01 | Create | Villager (Male) |
| 27:06 | Build | Mining Camp |
| 27:20 | Build | Farm |
| 27:24 | Build | Farm |
| 27:27 | Create | Villager (Male) |
| 27:28 | Create | Villager (Male) |
| 27:28 | Create | Villager (Male) |
| 27:28 | Create | Villager (Male) |
| 27:44 | Build | Farm |
| 27:48 | Build | Farm |
| 27:51 | Create | Villager (Male) |
Build order — Aqui es GG
First 150 of 1152 actions detected
| 0:11 | Build | House |
| 0:14 | Research | Loom |
| 0:25 | Create | Villager (Male) |
| 0:25 | Create | Villager (Male) |
| 0:26 | Create | Villager (Male) |
| 0:26 | Create | Villager (Male) |
| 0:40 | Build | House |
| 2:34 | Create | Villager (Male) |
| 2:34 | Create | Villager (Male) |
| 2:34 | Create | Villager (Male) |
| 2:35 | Create | Villager (Male) |
| 3:05 | Create | Villager (Male) |
| 3:41 | Create | Villager (Male) |
| 3:42 | Create | Villager (Male) |
| 3:42 | Create | Villager (Male) |
| 3:59 | Build | Lumber Camp |
| 4:10 | Create | Villager (Male) |
| 4:37 | Create | Villager (Male) |
| 4:43 | Build | House |
| 4:55 | Create | Villager (Male) |
| 5:48 | Create | Villager (Male) |
| 5:49 | Create | Villager (Male) |
| 5:49 | Create | Villager (Male) |
| 5:49 | Create | Villager (Male) |
| 6:02 | Build | House |
| 6:19 | Create | Villager (Male) |
| 7:22 | Create | Villager (Male) |
| 7:44 | Create | Villager (Male) |
| 7:53 | Create | Villager (Male) |
| 7:54 | Create | Villager (Male) |
| 8:11 | Create | Villager (Male) |
| 8:36 | Build | Mill |
| 8:43 | Build | Mill |
| 8:46 | Create | Villager (Male) |
| 8:56 | Build | House |
| 9:22 | Create | Villager (Male) |
| 9:40 | Build | Mining Camp |
| 10:11 | Build | Mining Camp |
| 10:52 | Research | Feudal Age |
| 12:52 | Create | Villager (Male) |
| 12:53 | Create | Villager (Male) |
| 12:53 | Create | Villager (Male) |
| 12:53 | Create | Villager (Male) |
| 13:02 | Age | Feudal Age |
| 13:09 | Build | Stone Wall |
| 13:32 | Build | House |
| 13:46 | Build | Market |
| 14:14 | Build | Blacksmith |
| 14:18 | Create | Villager (Male) |
| 14:22 | Build | Farm |
| 14:30 | Build | Farm |
| 14:35 | Build | Farm |
| 14:36 | Build | Farm |
| 14:38 | Build | Farm |
| 14:39 | Build | Farm |
| 14:57 | Build | Farm |
| 14:59 | Create | Villager (Male) |
| 15:04 | Build | House |
| 15:37 | Build | Farm |
| 15:48 | Build | Farm |
| 16:15 | Research | Castle Age |
| 16:23 | Build | Lumber Camp |
| 16:34 | Research | Horse Collar |
| 17:00 | Research | Double-Bit Axe |
| 17:23 | Research | Gold Mining |
| 17:44 | Research | Stone Mining |
| 18:33 | Research | Wheelbarrow |
| 18:55 | Age | Castle Age |
| 19:02 | Build | Town Center |
| 19:05 | Create | Villager (Male) |
| 19:06 | Create | Villager (Male) |
| 19:06 | Create | Villager (Male) |
| 19:15 | Build | Town Center |
| 20:06 | Build | Farm |
| 20:09 | Create | Villager (Male) |
| 20:30 | Build | Farm |
| 20:39 | Create | Villager (Male) |
| 20:39 | Create | Villager (Male) |
| 20:40 | Create | Villager (Male) |
| 20:55 | Build | Farm |
| 21:01 | Create | Villager (Male) |
| 21:01 | Create | Villager (Male) |
| 21:03 | Create | Villager (Male) |
| 21:03 | Create | Villager (Male) |
| 21:11 | Build | Farm |
| 21:20 | Build | Town Center |
| 21:25 | Build | Farm |
| 21:28 | Create | Villager (Male) |
| 21:28 | Create | Villager (Male) |
| 21:29 | Create | Villager (Male) |
| 21:36 | Build | Farm |
| 21:46 | Create | Villager (Male) |
| 21:52 | Create | Villager (Male) |
| 22:01 | Build | Farm |
| 22:05 | Build | Farm |
| 22:06 | Create | Villager (Male) |
| 22:19 | Create | Villager (Male) |
| 22:25 | Build | Farm |
| 22:27 | Create | Villager (Male) |
| 22:30 | Build | Farm |
| 22:32 | Create | Villager (Male) |
| 22:49 | Build | Farm |
| 22:52 | Build | Farm |
| 22:54 | Create | Villager (Male) |
| 22:55 | Create | Villager (Male) |
| 22:57 | Create | Villager (Male) |
| 23:02 | Create | Villager (Male) |
| 23:08 | Create | Villager (Male) |
| 23:18 | Build | House |
| 23:19 | Build | House |
| 23:21 | Build | House |
| 23:22 | Build | House |
| 23:25 | Build | House |
| 23:26 | Create | Villager (Male) |
| 23:27 | Create | Villager (Male) |
| 23:28 | Create | Villager (Male) |
| 23:29 | Create | Villager (Male) |
| 23:32 | Build | Farm |
| 23:42 | Build | Farm |
| 23:45 | Create | Villager (Male) |
| 23:47 | Create | Villager (Male) |
| 23:47 | Create | Villager (Male) |
| 23:53 | Build | Farm |
| 23:54 | Create | Villager (Male) |
| 24:08 | Create | Villager (Male) |
| 24:12 | Create | Villager (Male) |
| 24:12 | Create | Villager (Male) |
| 24:17 | Build | University |
| 24:23 | Create | Villager (Male) |
| 24:23 | Create | Villager (Male) |
| 24:23 | Create | Villager (Male) |
| 24:43 | Build | Farm |
| 24:48 | Build | Mill |
| 24:52 | Create | Villager (Male) |
| 24:52 | Create | Villager (Male) |
| 24:52 | Create | Villager (Male) |
| 24:53 | Create | Villager (Male) |
| 24:53 | Create | Villager (Male) |
| 25:08 | Build | Farm |
| 25:15 | Build | Farm |
| 25:17 | Create | Villager (Male) |
| 25:18 | Create | Villager (Male) |
| 25:18 | Create | Villager (Male) |
| 25:18 | Create | Villager (Male) |
| 25:19 | Create | Villager (Male) |
| 25:19 | Create | Villager (Male) |
| 25:19 | Create | Villager (Male) |
| 25:28 | Build | House |
| 25:29 | Build | House |
| 25:29 | Build | House |
Build order — №×℗
First 150 of 1460 actions detected
| 0:01 | Create | Villager (Male) |
| 0:02 | Create | Villager (Male) |
| 0:02 | Create | Villager (Male) |
| 0:02 | Create | Villager (Male) |
| 0:03 | Build | House |
| 0:05 | Build | House |
| 0:06 | Build | House |
| 1:46 | Create | Villager (Male) |
| 1:46 | Create | Villager (Male) |
| 2:06 | Create | Villager (Male) |
| 2:06 | Create | Villager (Male) |
| 2:24 | Build | Lumber Camp |
| 2:26 | Create | Villager (Male) |
| 2:26 | Create | Villager (Male) |
| 3:00 | Create | Villager (Male) |
| 3:00 | Create | Villager (Male) |
| 3:01 | Create | Villager (Male) |
| 3:41 | Create | Villager (Male) |
| 3:41 | Create | Villager (Male) |
| 4:04 | Create | Villager (Male) |
| 4:05 | Create | Villager (Male) |
| 4:54 | Research | Loom |
| 5:07 | Create | Villager (Male) |
| 5:08 | Create | Villager (Male) |
| 5:55 | Build | Mill |
| 6:05 | Create | Villager (Male) |
| 6:06 | Create | Villager (Male) |
| 6:06 | Create | Villager (Male) |
| 6:29 | Create | Villager (Male) |
| 6:33 | Build | House |
| 6:37 | Create | Villager (Male) |
| 6:37 | Create | Villager (Male) |
| 6:41 | Create | Villager (Male) |
| 6:41 | Create | Villager (Male) |
| 7:43 | Create | Villager (Male) |
| 7:51 | Build | Palisade Wall |
| 8:09 | Create | Villager (Male) |
| 8:49 | Build | Mining Camp |
| 9:09 | Create | Villager (Male) |
| 9:40 | Build | House |
| 9:45 | Research | Feudal Age |
| 9:53 | Build | House |
| 11:07 | Build | Barracks |
| 11:37 | Create | Villager (Male) |
| 11:50 | Build | Mill |
| 12:00 | Age | Feudal Age |
| 12:05 | Build | Market |
| 12:10 | Build | Blacksmith |
| 12:16 | Build | Stone Wall |
| 12:19 | Build | Stone Wall |
| 12:53 | Create | Villager (Male) |
| 13:17 | Build | Mining Camp |
| 13:38 | Research | Castle Age |
| 13:50 | Build | Stone Wall |
| 13:57 | Build | Stone Wall |
| 14:35 | Build | House |
| 14:37 | Build | House |
| 14:44 | Build | Farm |
| 14:50 | Build | Farm |
| 15:12 | Research | Double-Bit Axe |
| 15:18 | Research | Horse Collar |
| 16:04 | Create | Villager (Male) |
| 16:05 | Create | Villager (Male) |
| 16:18 | Age | Castle Age |
| 16:21 | Build | Town Center |
| 16:24 | Create | Villager (Male) |
| 16:34 | Create | Villager (Male) |
| 16:43 | Research | Bow Saw |
| 17:02 | Create | Villager (Male) |
| 17:23 | Build | Outpost |
| 17:52 | Create | Villager (Male) |
| 18:16 | Create | Villager (Male) |
| 18:16 | Create | Villager (Male) |
| 18:16 | Create | Villager (Male) |
| 18:27 | Build | Town Center |
| 18:29 | Create | Villager (Male) |
| 18:29 | Create | Villager (Male) |
| 18:39 | Create | Villager (Male) |
| 18:39 | Create | Villager (Male) |
| 18:54 | Build | Town Center |
| 19:04 | Build | Farm |
| 19:07 | Build | Farm |
| 19:36 | Build | Farm |
| 19:38 | Build | Farm |
| 19:41 | Create | Villager (Male) |
| 19:48 | Build | Farm |
| 19:49 | Build | Farm |
| 20:00 | Build | Farm |
| 20:08 | Build | Farm |
| 20:13 | Build | Farm |
| 20:18 | Create | Villager (Male) |
| 20:19 | Create | Villager (Male) |
| 20:28 | Build | Farm |
| 20:30 | Build | Farm |
| 20:31 | Build | Farm |
| 20:42 | Build | Farm |
| 20:43 | Create | Villager (Male) |
| 20:44 | Create | Villager (Male) |
| 20:53 | Create | Villager (Male) |
| 20:54 | Create | Villager (Male) |
| 20:58 | Build | Siege Workshop |
| 21:05 | Create | Villager (Male) |
| 21:05 | Create | Villager (Male) |
| 21:18 | Build | Farm |
| 21:19 | Build | Farm |
| 21:25 | Create | Villager (Male) |
| 21:26 | Create | Villager (Male) |
| 21:32 | Build | Lumber Camp |
| 21:37 | Create | Villager (Male) |
| 21:37 | Create | Villager (Male) |
| 21:48 | Create | Villager (Male) |
| 21:48 | Create | Villager (Male) |
| 21:54 | Build | Farm |
| 21:55 | Build | Farm |
| 21:55 | Build | Farm |
| 21:55 | Build | Farm |
| 21:56 | Build | Farm |
| 21:56 | Build | Farm |
| 21:56 | Build | Farm |
| 21:59 | Create | Villager (Male) |
| 21:59 | Create | Villager (Male) |
| 22:02 | Create | Villager (Male) |
| 22:02 | Create | Villager (Male) |
| 22:13 | Build | House |
| 22:15 | Build | House |
| 22:18 | Build | House |
| 22:22 | Build | House |
| 22:23 | Build | House |
| 22:24 | Build | House |
| 22:28 | Create | Villager (Male) |
| 22:28 | Create | Villager (Male) |
| 22:28 | Create | Villager (Male) |
| 22:30 | Create | Villager (Male) |
| 22:30 | Create | Villager (Male) |
| 22:37 | Build | Farm |
| 22:40 | Create | Mangonel |
| 22:46 | Build | Farm |
| 22:47 | Create | Villager (Male) |
| 22:48 | Create | Villager (Male) |
| 22:56 | Build | Farm |
| 23:02 | Build | Farm |
| 23:03 | Create | Villager (Male) |
| 23:04 | Create | Villager (Male) |
| 23:04 | Create | Villager (Male) |
| 23:08 | Build | Farm |
| 23:10 | Build | Farm |
| 23:12 | Create | Villager (Male) |
| 23:12 | Create | Villager (Male) |
| 23:22 | Create | Villager (Male) |
| 23:22 | Create | Villager (Male) |
Build order — LocalFukBoy
First 150 of 1693 actions detected
| 0:03 | Research | Loom |
| 0:03 | Create | Villager (Male) |
| 0:04 | Create | Villager (Male) |
| 0:04 | Create | Villager (Male) |
| 0:04 | Create | Villager (Male) |
| 0:04 | Create | Villager (Male) |
| 0:04 | Create | Villager (Male) |
| 0:08 | Build | House |
| 1:11 | Build | Palisade Wall |
| 1:17 | Build | House |
| 1:22 | Build | Palisade Wall |
| 1:45 | Build | Palisade Gate |
| 2:44 | Create | Villager (Male) |
| 2:44 | Create | Villager (Male) |
| 3:08 | Create | Villager (Male) |
| 3:08 | Create | Villager (Male) |
| 3:09 | Create | Villager (Male) |
| 3:14 | Create | Villager (Male) |
| 3:14 | Create | Villager (Male) |
| 3:48 | Build | House |
| 3:51 | Create | Villager (Male) |
| 3:51 | Create | Villager (Male) |
| 3:51 | Create | Villager (Male) |
| 4:14 | Create | Villager (Male) |
| 4:14 | Create | Villager (Male) |
| 4:28 | Create | Villager (Male) |
| 4:28 | Create | Villager (Male) |
| 4:28 | Create | Villager (Male) |
| 5:14 | Create | Villager (Male) |
| 5:14 | Create | Villager (Male) |
| 5:14 | Create | Villager (Male) |
| 5:14 | Create | Villager (Male) |
| 5:22 | Build | House |
| 5:48 | Create | Villager (Male) |
| 5:48 | Create | Villager (Male) |
| 5:48 | Create | Villager (Male) |
| 6:41 | Create | Villager (Male) |
| 6:41 | Create | Villager (Male) |
| 6:41 | Create | Villager (Male) |
| 6:46 | Create | Villager (Male) |
| 6:46 | Create | Villager (Male) |
| 6:47 | Create | Villager (Male) |
| 6:47 | Create | Villager (Male) |
| 6:47 | Create | Villager (Male) |
| 7:16 | Create | Villager (Male) |
| 7:16 | Create | Villager (Male) |
| 8:02 | Create | Villager (Male) |
| 8:02 | Create | Villager (Male) |
| 8:03 | Create | Villager (Male) |
| 9:00 | Build | Mill |
| 9:25 | Build | Lumber Camp |
| 9:42 | Create | Villager (Male) |
| 10:09 | Research | Feudal Age |
| 11:33 | Research | Double-Bit Axe |
| 11:36 | Research | Horse Collar |
| 11:43 | Create | Villager (Male) |
| 11:43 | Create | Villager (Male) |
| 11:43 | Create | Villager (Male) |
| 11:44 | Create | Villager (Male) |
| 11:44 | Create | Villager (Male) |
| 11:44 | Create | Villager (Male) |
| 12:24 | Age | Feudal Age |
| 12:30 | Research | Heavy Plow |
| 12:37 | Build | House |
| 12:50 | Build | Stone Wall |
| 12:57 | Build | Stone Wall |
| 13:03 | Research | Bow Saw |
| 13:05 | Create | Villager (Male) |
| 13:05 | Create | Villager (Male) |
| 13:06 | Create | Villager (Male) |
| 13:06 | Create | Villager (Male) |
| 13:19 | Build | Mining Camp |
| 13:30 | Build | House |
| 14:14 | Build | Market |
| 14:20 | Build | Blacksmith |
| 15:24 | Build | Barracks |
| 15:36 | Create | Villager (Male) |
| 15:39 | Build | Farm |
| 15:42 | Build | Farm |
| 15:45 | Build | Farm |
| 16:10 | Build | Farm |
| 16:11 | Build | Farm |
| 16:22 | Build | Farm |
| 17:00 | Build | Farm |
| 17:04 | Build | Farm |
| 17:09 | Build | Farm |
| 17:12 | Research | Castle Age |
| 17:17 | Build | Farm |
| 17:23 | Build | House |
| 17:25 | Build | House |
| 17:39 | Build | Farm |
| 17:57 | Build | Farm |
| 18:04 | Build | Farm |
| 18:14 | Build | Farm |
| 18:28 | Build | Farm |
| 18:57 | Build | Farm |
| 19:07 | Build | Lumber Camp |
| 19:31 | Build | Lumber Camp |
| 19:51 | Build | Stone Wall |
| 19:52 | Age | Castle Age |
| 20:09 | Create | Villager (Male) |
| 20:09 | Create | Villager (Male) |
| 20:09 | Create | Villager (Male) |
| 20:09 | Create | Villager (Male) |
| 20:10 | Create | Villager (Male) |
| 20:10 | Create | Villager (Male) |
| 20:22 | Build | Town Center |
| 20:38 | Build | University |
| 21:06 | Build | Mining Camp |
| 21:19 | Create | Villager (Male) |
| 21:19 | Create | Villager (Male) |
| 21:19 | Create | Villager (Male) |
| 21:20 | Create | Villager (Male) |
| 21:20 | Create | Villager (Male) |
| 21:20 | Create | Villager (Male) |
| 21:20 | Create | Villager (Male) |
| 21:20 | Create | Villager (Male) |
| 21:21 | Create | Villager (Male) |
| 21:21 | Create | Villager (Male) |
| 21:39 | Build | Farm |
| 21:43 | Build | Farm |
| 21:47 | Build | Farm |
| 22:09 | Build | Farm |
| 22:15 | Build | Farm |
| 22:30 | Build | Town Center |
| 23:18 | Research | Fortified Wall (upgrade) |
| 23:24 | Create | Villager (Male) |
| 23:24 | Create | Villager (Male) |
| 23:24 | Create | Villager (Male) |
| 23:24 | Create | Villager (Male) |
| 23:25 | Create | Villager (Male) |
| 23:25 | Create | Villager (Male) |
| 23:25 | Create | Villager (Male) |
| 23:34 | Build | Farm |
| 23:47 | Build | Farm |
| 23:58 | Build | Farm |
| 24:02 | Build | Farm |
| 24:08 | Create | Villager (Male) |
| 24:08 | Create | Villager (Male) |
| 24:08 | Create | Villager (Male) |
| 24:08 | Create | Villager (Male) |
| 24:15 | Build | Farm |
| 24:30 | Build | Farm |
| 24:43 | Build | House |
| 24:48 | Build | House |
| 24:50 | Create | Villager (Male) |
| 24:50 | Create | Villager (Male) |
| 24:51 | Create | Villager (Male) |
| 24:53 | Create | Villager (Male) |
| 24:53 | Create | Villager (Male) |
Build order — tinchoxD1932
First 150 of 1043 actions detected
| 0:03 | Create | Villager (Male) ×4 |
| 0:05 | Build | House |
| 0:07 | Build | House |
| 1:34 | Create | Villager (Male) |
| 1:34 | Create | Villager (Male) |
| 1:35 | Create | Villager (Male) |
| 2:02 | Build | Lumber Camp |
| 2:04 | Create | Villager (Male) |
| 2:04 | Create | Villager (Male) |
| 2:04 | Create | Villager (Male) |
| 2:12 | Research | Loom |
| 2:56 | Build | Palisade Wall |
| 3:29 | Create | Villager (Male) |
| 3:29 | Create | Villager (Male) |
| 3:30 | Create | Villager (Male) |
| 3:30 | Create | Villager (Male) |
| 3:44 | Build | Palisade Gate |
| 5:08 | Create | Villager (Male) |
| 5:08 | Create | Villager (Male) |
| 5:08 | Create | Villager (Male) |
| 5:09 | Create | Villager (Male) |
| 5:09 | Create | Villager (Male) |
| 5:27 | Build | House |
| 5:31 | Build | House |
| 5:52 | Build | House |
| 5:54 | Build | House |
| 6:35 | Build | Mill |
| 7:07 | Create | Villager (Male) |
| 7:08 | Create | Villager (Male) |
| 7:08 | Create | Villager (Male) |
| 7:15 | Build | House |
| 7:49 | Create | Villager (Male) |
| 7:49 | Create | Villager (Male) |
| 7:50 | Create | Villager (Male) |
| 7:50 | Create | Villager (Male) |
| 7:50 | Create | Villager (Male) |
| 9:09 | Create | Villager (Male) |
| 9:19 | Build | Mining Camp |
| 9:22 | Create | Villager (Male) |
| 10:14 | Research | Feudal Age |
| 10:31 | Create | Villager (Male) |
| 10:31 | Create | Villager (Male) |
| 11:43 | Create | Villager (Male) |
| 11:43 | Create | Villager (Male) |
| 11:43 | Create | Villager (Male) |
| 11:43 | Create | Villager (Male) |
| 12:54 | Create | Villager (Male) |
| 12:55 | Create | Villager (Male) |
| 12:57 | Build | Farm |
| 12:58 | Build | Farm |
| 12:58 | Build | Farm |
| 13:08 | Build | Farm |
| 13:10 | Build | Farm |
| 13:21 | Build | Farm |
| 13:22 | Build | Farm |
| 13:46 | Create | Villager (Male) |
| 14:09 | Build | Farm |
| 14:09 | Build | Farm |
| 14:10 | Build | Farm |
| 14:10 | Build | Farm |
| 14:42 | Research | Castle Age |
| 16:30 | Build | Stone Wall |
| 16:34 | Build | Stone Wall |
| 16:41 | Build | Mining Camp |
| 16:52 | Create | Villager (Male) |
| 16:52 | Create | Villager (Male) |
| 16:57 | Research | Double-Bit Axe |
| 17:02 | Research | Horse Collar |
| 17:32 | Build | Town Center |
| 18:41 | Create | Villager (Male) |
| 18:41 | Create | Villager (Male) |
| 18:47 | Create | Villager (Male) |
| 18:47 | Create | Villager (Male) |
| 18:48 | Create | Villager (Male) |
| 18:48 | Create | Villager (Male) |
| 18:48 | Create | Villager (Male) |
| 18:54 | Build | Town Center |
| 19:04 | Research | Wheelbarrow |
| 19:10 | Research | Bow Saw |
| 19:30 | Build | Farm |
| 19:34 | Create | Villager (Male) |
| 19:34 | Create | Villager (Male) |
| 19:40 | Build | Farm |
| 19:52 | Create | Villager (Male) |
| 19:53 | Create | Villager (Male) |
| 19:53 | Create | Villager (Male) |
| 20:01 | Build | Stone Wall |
| 20:15 | Build | University |
| 20:19 | Create | Villager (Male) |
| 20:20 | Create | Villager (Male) |
| 21:01 | Create | Villager (Male) |
| 21:02 | Create | Villager (Male) |
| 21:02 | Create | Villager (Male) |
| 21:03 | Create | Villager (Male) |
| 21:07 | Build | Farm |
| 21:07 | Build | Farm |
| 21:07 | Build | Farm |
| 21:07 | Build | Farm |
| 21:08 | Build | Farm |
| 21:20 | Build | Farm |
| 21:20 | Build | Farm |
| 21:25 | Create | Villager (Male) |
| 21:25 | Create | Villager (Male) |
| 21:26 | Create | Villager (Male) |
| 21:44 | Build | House |
| 21:46 | Build | House |
| 21:48 | Build | House |
| 21:48 | Build | House |
| 21:49 | Build | House |
| 21:50 | Build | House |
| 21:50 | Build | House |
| 21:50 | Build | House |
| 22:05 | Research | Town Watch |
| 22:23 | Research | Hand Cart |
| 22:32 | Build | Monastery |
| 22:36 | Build | Mining Camp |
| 22:43 | Create | Villager (Male) |
| 22:43 | Create | Villager (Male) |
| 22:43 | Create | Villager (Male) |
| 22:44 | Create | Villager (Male) |
| 23:06 | Build | Stable |
| 23:14 | Build | Siege Workshop |
| 23:24 | Build | Market |
| 23:29 | Create | Villager (Male) |
| 23:29 | Create | Villager (Male) |
| 23:30 | Create | Villager (Male) |
| 23:30 | Create | Villager (Male) |
| 23:30 | Create | Villager (Male) |
| 23:31 | Create | Villager (Male) |
| 23:31 | Create | Villager (Male) |
| 23:44 | Create | Villager (Male) |
| 23:44 | Create | Villager (Male) |
| 24:21 | Create | Villager (Male) |
| 24:21 | Create | Villager (Male) |
| 24:22 | Create | Villager (Male) |
| 24:22 | Create | Villager (Male) |
| 24:22 | Create | Villager (Male) |
| 24:30 | Build | House |
| 24:31 | Build | House |
| 24:31 | Build | House |
| 24:32 | Build | House |
| 24:32 | Build | House |
| 24:33 | Build | House |
| 24:35 | Create | Monk |
| 24:55 | Research | Fortified Wall (upgrade) |
| 25:04 | Build | Stable |
| 25:10 | Research | Stone Mining |
| 25:11 | Research | Gold Mining |
| 25:13 | Create | Villager (Male) |
| 25:13 | Create | Villager (Male) |
Build order — junior_nyc
First 150 of 1367 actions detected
| 0:01 | Create | Villager (Male) |
| 0:03 | Build | House |
| 0:06 | Build | House |
| 0:14 | Create | Villager (Male) |
| 0:14 | Create | Villager (Male) |
| 0:14 | Create | Villager (Male) |
| 0:15 | Create | Villager (Male) |
| 1:24 | Create | Villager (Male) |
| 1:48 | Build | Lumber Camp |
| 2:05 | Create | Villager (Male) |
| 2:05 | Create | Villager (Male) |
| 2:11 | Build | House |
| 2:22 | Create | Villager (Male) |
| 2:57 | Create | Villager (Male) |
| 3:14 | Create | Villager (Male) |
| 3:14 | Create | Villager (Male) |
| 3:45 | Create | Villager (Male) |
| 3:45 | Create | Villager (Male) |
| 4:05 | Create | Villager (Male) |
| 4:12 | Build | Mill |
| 4:23 | Research | Loom |
| 4:57 | Create | Villager (Male) |
| 5:11 | Build | House |
| 5:28 | Create | Villager (Male) |
| 5:30 | Create | Villager (Male) |
| 6:18 | Create | Villager (Male) |
| 6:21 | Create | Villager (Male) |
| 6:22 | Create | Villager (Male) |
| 6:23 | Create | Villager (Male) |
| 6:37 | Create | Villager (Male) |
| 7:03 | Create | Villager (Male) |
| 7:11 | Create | Villager (Male) |
| 7:14 | Build | Mining Camp |
| 8:01 | Create | Villager (Male) |
| 8:07 | Build | House |
| 9:08 | Research | Feudal Age |
| 10:58 | Build | Mill |
| 11:07 | Create | Villager (Male) |
| 11:07 | Create | Villager (Male) |
| 11:23 | Age | Feudal Age |
| 11:28 | Build | Market |
| 11:32 | Build | Blacksmith |
| 12:00 | Create | Villager (Male) |
| 12:25 | Build | Mining Camp |
| 12:26 | Create | Villager (Male) |
| 13:05 | Research | Castle Age |
| 13:44 | Build | House |
| 14:07 | Create | Villager (Male) |
| 14:19 | Research | Double-Bit Axe |
| 14:32 | Build | House |
| 14:48 | Build | Mill |
| 15:05 | Build | House |
| 15:17 | Create | Villager (Male) |
| 15:18 | Create | Villager (Male) |
| 15:20 | Create | Villager (Male) |
| 15:45 | Age | Castle Age |
| 15:46 | Build | Monastery |
| 15:49 | Build | Town Center |
| 15:54 | Build | Town Center |
| 16:07 | Research | Wheelbarrow |
| 16:12 | Build | Farm |
| 16:33 | Create | Monk |
| 16:35 | Build | House |
| 16:47 | Create | Villager (Male) |
| 16:47 | Create | Villager (Male) |
| 17:16 | Build | House |
| 17:28 | Build | House |
| 17:32 | Build | Farm |
| 17:53 | Build | Town Center |
| 17:58 | Build | Farm |
| 18:01 | Build | House |
| 18:15 | Create | Villager (Male) |
| 18:17 | Create | Villager (Male) |
| 18:20 | Create | Villager (Male) |
| 18:20 | Create | Villager (Male) |
| 18:24 | Create | Villager (Male) |
| 18:49 | Build | Farm |
| 18:51 | Build | Farm |
| 18:53 | Build | Farm |
| 19:02 | Build | House |
| 19:03 | Build | House |
| 19:22 | Build | Farm |
| 19:22 | Create | Villager (Male) |
| 19:23 | Create | Villager (Male) |
| 19:23 | Create | Villager (Male) |
| 19:24 | Create | Villager (Male) |
| 19:24 | Create | Villager (Male) |
| 19:40 | Create | Villager (Male) |
| 19:55 | Build | Barracks |
| 19:58 | Create | Villager (Male) |
| 19:59 | Create | Villager (Male) |
| 20:09 | Build | House |
| 20:17 | Build | Farm |
| 20:18 | Create | Villager (Male) |
| 20:27 | Create | Villager (Male) |
| 20:27 | Create | Villager (Male) |
| 20:48 | Build | Farm |
| 20:51 | Create | Villager (Male) |
| 20:51 | Create | Villager (Male) |
| 20:59 | Create | Villager (Male) |
| 21:03 | Research | Bow Saw |
| 21:03 | Create | Villager (Male) |
| 21:18 | Create | Villager (Male) |
| 21:22 | Build | Farm |
| 21:25 | Build | Farm |
| 21:27 | Build | Blacksmith |
| 21:28 | Create | Villager (Male) |
| 21:40 | Create | Villager (Male) |
| 21:40 | Create | Villager (Male) |
| 21:40 | Create | Villager (Male) |
| 21:48 | Build | Archery Range |
| 21:53 | Create | Villager (Male) |
| 22:03 | Create | Villager (Male) |
| 22:03 | Create | Villager (Male) |
| 22:07 | Build | House |
| 22:14 | Create | Villager (Male) |
| 22:14 | Create | Villager (Male) |
| 22:20 | Create | Villager (Male) |
| 22:24 | Build | Farm |
| 22:29 | Create | Villager (Male) |
| 22:42 | Build | Siege Workshop |
| 22:45 | Create | Skirmisher |
| 22:45 | Create | Skirmisher |
| 22:46 | Create | Skirmisher |
| 22:52 | Build | Farm |
| 22:53 | Create | Villager (Male) |
| 22:55 | Build | House |
| 22:57 | Build | House |
| 22:58 | Create | Villager (Male) |
| 23:07 | Research | Horse Collar |
| 23:09 | Research | Gold Mining |
| 23:09 | Research | Stone Mining |
| 23:13 | Create | Villager (Male) |
| 23:26 | Build | Stable |
| 23:31 | Research | Fletching |
| 23:35 | Create | Villager (Male) |
| 23:50 | Build | University |
| 23:51 | Create | Villager (Male) |
| 23:51 | Create | Villager (Male) |
| 23:54 | Build | House |
| 24:00 | Create | Villager (Male) |
| 24:01 | Create | Villager (Male) |
| 24:04 | Create | Villager (Male) |
| 24:07 | Build | Farm |
| 24:14 | Build | Mining Camp |
| 24:14 | Create | Villager (Male) |
| 24:25 | Build | House |
| 24:30 | Create | Villager (Male) |
| 24:39 | Build | Farm |
| 24:41 | Build | Farm |
Build order — Rookie27
First 150 of 962 actions detected
| 0:03 | Create | Villager (Male) ×4 |
| 0:03 | Create | Villager (Male) ×4 |
| 0:05 | Build | House |
| 0:06 | Build | House |
| 1:34 | Create | Villager (Male) |
| 1:34 | Create | Villager (Male) |
| 1:59 | Build | Lumber Camp |
| 2:02 | Create | Villager (Male) |
| 2:02 | Create | Villager (Male) |
| 2:18 | Create | Villager (Male) |
| 2:19 | Create | Villager (Male) |
| 2:59 | Create | Villager (Male) |
| 2:59 | Create | Villager (Male) |
| 3:15 | Create | Villager (Male) |
| 3:15 | Create | Villager (Male) |
| 3:15 | Create | Villager (Male) |
| 3:45 | Create | Villager (Male) |
| 3:45 | Create | Villager (Male) |
| 3:47 | Build | House |
| 3:47 | Build | House |
| 4:09 | Research | Loom |
| 4:31 | Create | Villager (Male) |
| 4:32 | Create | Villager (Male) |
| 4:40 | Build | Palisade Wall |
| 5:03 | Create | Villager (Male) |
| 5:04 | Create | Villager (Male) |
| 5:04 | Create | Villager (Male) |
| 5:36 | Build | Mill |
| 5:49 | Create | Villager (Male) |
| 5:49 | Create | Villager (Male) |
| 5:49 | Create | Villager (Male) |
| 7:52 | Create | Villager (Male) |
| 7:52 | Create | Villager (Male) |
| 7:52 | Create | Villager (Male) |
| 7:52 | Create | Villager (Male) |
| 7:52 | Create | Villager (Male) |
| 7:52 | Create | Villager (Male) |
| 8:07 | Create | Villager (Male) |
| 8:07 | Create | Villager (Male) |
| 8:24 | Create | Villager (Male) |
| 8:24 | Create | Villager (Male) |
| 9:11 | Build | Farm |
| 9:25 | Build | Farm |
| 9:29 | Build | House |
| 9:36 | Build | Mining Camp |
| 10:31 | Build | Mining Camp |
| 10:35 | Research | Feudal Age |
| 10:35 | Research | Feudal Age |
| 13:08 | Create | Villager (Male) |
| 13:08 | Create | Villager (Male) |
| 13:22 | Age | Feudal Age |
| 13:26 | Build | Market |
| 13:28 | Build | Blacksmith |
| 13:41 | Research | Double-Bit Axe |
| 13:41 | Research | Double-Bit Axe |
| 13:45 | Research | Horse Collar |
| 14:16 | Research | Castle Age |
| 14:16 | Research | Castle Age |
| 14:16 | Research | Castle Age |
| 14:40 | Research | Horse Collar |
| 14:44 | Research | Gold Mining |
| 14:55 | Build | Farm |
| 14:56 | Build | Farm |
| 15:00 | Research | Stone Mining |
| 16:09 | Build | Stone Wall |
| 16:33 | Build | House |
| 16:35 | Build | House |
| 16:56 | Age | Castle Age |
| 17:01 | Build | Town Center |
| 17:03 | Build | Town Center |
| 17:10 | Create | Villager (Male) |
| 17:10 | Create | Villager (Male) |
| 17:16 | Research | Bow Saw |
| 17:16 | Research | Bow Saw |
| 17:30 | Research | Stone Shaft Mining |
| 17:32 | Create | Villager (Male) |
| 17:44 | Build | Farm |
| 18:03 | Build | Farm |
| 18:07 | Create | Villager (Male) |
| 18:22 | Create | Villager (Male) |
| 18:22 | Create | Villager (Male) |
| 18:26 | Build | Farm |
| 18:26 | Build | Farm |
| 18:26 | Build | Farm |
| 18:26 | Build | Farm |
| 18:27 | Build | Farm |
| 18:27 | Build | Farm |
| 18:52 | Build | Castle |
| 19:05 | Build | Castle |
| 19:07 | Create | Villager (Male) |
| 19:07 | Create | Villager (Male) |
| 19:08 | Create | Villager (Male) |
| 19:14 | Create | Villager (Male) |
| 19:15 | Create | Villager (Male) |
| 19:15 | Create | Villager (Male) |
| 19:16 | Build | Farm |
| 19:16 | Build | Farm |
| 19:16 | Build | Farm |
| 19:17 | Build | Farm |
| 19:22 | Create | Villager (Male) |
| 19:23 | Create | Villager (Male) |
| 19:31 | Create | Villager (Male) |
| 19:35 | Build | Farm |
| 19:38 | Build | Farm |
| 19:51 | Build | Farm |
| 20:01 | Create | Villager (Male) |
| 20:01 | Create | Villager (Male) |
| 20:04 | Build | Farm |
| 20:08 | Create | Villager (Male) |
| 20:08 | Create | Villager (Male) |
| 20:13 | Build | Farm |
| 20:15 | Create | Villager (Male) |
| 20:16 | Create | Villager (Male) |
| 20:48 | Research | Wheelbarrow |
| 20:51 | Build | Farm |
| 20:57 | Build | Farm |
| 20:58 | Build | Farm |
| 20:58 | Build | Farm |
| 21:02 | Build | Farm |
| 21:02 | Build | Farm |
| 21:08 | Build | Farm |
| 21:13 | Create | Villager (Male) |
| 21:13 | Create | Villager (Male) |
| 21:14 | Create | Villager (Male) |
| 21:26 | Create | Villager (Male) |
| 21:26 | Create | Villager (Male) |
| 21:43 | Create | Villager (Male) |
| 21:43 | Create | Villager (Male) |
| 21:44 | Create | Villager (Male) |
| 21:49 | Build | Farm |
| 21:50 | Create | Villager (Male) |
| 21:50 | Create | Villager (Male) |
| 22:02 | Create | Villager (Male) |
| 22:02 | Create | Villager (Male) |
| 22:13 | Create | Villager (Male) |
| 22:13 | Create | Villager (Male) |
| 22:13 | Create | Villager (Male) |
| 22:24 | Create | Villager (Male) |
| 22:28 | Create | Villager (Male) |
| 22:29 | Create | Villager (Male) |
| 22:36 | Build | Barracks |
| 22:42 | Create | Villager (Male) |
| 22:46 | Build | Farm |
| 22:50 | Create | Villager (Male) |
| 22:50 | Create | Villager (Male) |
| 22:58 | Research | Fletching |
| 23:08 | Create | Rattan Archer |
| 23:21 | Build | Stone Wall |
| 23:27 | Create | Villager (Male) |
| 23:27 | Create | Villager (Male) |
Match timeline
| 0:59 | Морозець · wall_segment Palisade Wall x9 |
| 1:11 | LocalFukBoy · wall_segment Palisade Wall x9 |
| 1:22 | LocalFukBoy · wall_segment Palisade Wall x6 |
| 1:48 | Морозець · wall_segment Palisade Wall x6 |
| 1:50 | Морозець · wall_segment Palisade Wall x6 |
| 2:16 | Морозець · wall_segment Palisade Wall x14 |
| 2:56 | tinchoxD1932 · wall_segment Palisade Wall x10 |
| 3:58 | Морозець · wall_segment Palisade Wall x11 |
| 4:40 | Rookie27 · wall_segment Palisade Wall x9 |
| 7:51 | №×℗ · wall_segment Palisade Wall x12 |
| 8:06 | Øgusson · first_building Barracks |
| 11:07 | №×℗ · first_building Barracks |
| 11:23 | junior_nyc · age_up feudal |
| 11:31 | Øgusson · age_up feudal |
| 11:46 | Øgusson · wall_segment Stone Wall x15 |
| 11:56 | Øgusson · wall_segment Stone Wall x4 |
| 11:57 | Øgusson · wall_segment Stone Wall x6 |
| 12:00 | №×℗ · age_up feudal |
| 12:16 | №×℗ · wall_segment Stone Wall x3 |
| 12:19 | №×℗ · wall_segment Stone Wall x6 |
| 12:24 | LocalFukBoy · age_up feudal |
| 12:48 | Морозець · age_up feudal |
| 12:50 | LocalFukBoy · wall_segment Stone Wall x11 |
| 12:57 | LocalFukBoy · wall_segment Stone Wall x11 |
| 13:02 | Aqui es GG · age_up feudal |
| 13:09 | Aqui es GG · wall_segment Stone Wall x18 |
| 13:22 | Rookie27 · age_up feudal |
| 13:30 | Øgusson · first_building Archery Range |
| 13:50 | №×℗ · wall_segment Stone Wall x1 |
| 13:57 | №×℗ · wall_segment Stone Wall x1 |
| 13:59 | Морозець · wall_segment Stone Wall x9 |
| 15:24 | LocalFukBoy · first_building Barracks |
| 15:45 | junior_nyc · age_up castle |
| 15:46 | junior_nyc · first_building Monastery |
| 16:09 | Rookie27 · wall_segment Stone Wall x10 |
| 16:18 | №×℗ · age_up castle |
| 16:30 | tinchoxD1932 · wall_segment Stone Wall x16 |
| 16:34 | tinchoxD1932 · wall_segment Stone Wall x13 |
| 16:56 | Rookie27 · age_up castle |
| 17:39 | Морозець · first_market_sell 100 wood |
| 17:41 | Морозець · first_market_buy 100 food |
| 18:52 | Rookie27 · first_building Castle |
| 18:54 | Øgusson · age_up castle |
| 18:55 | Aqui es GG · age_up castle |
| 19:13 | Rookie27 · first_market_buy 100 food |
| 19:51 | LocalFukBoy · wall_segment Stone Wall x7 |
| 19:52 | LocalFukBoy · age_up castle |
| 19:55 | junior_nyc · first_building Barracks |
| 20:01 | tinchoxD1932 · wall_segment Stone Wall x6 |
| 20:06 | LocalFukBoy · first_market_buy 100 stone |
| 20:36 | Rookie27 · tribute_sent a jugador 1 |
| 20:36 | Rookie27 · tribute_sent a jugador 2 |
| 20:36 | Rookie27 · tribute_sent a jugador 3 |
| 20:36 | Rookie27 · tribute_sent a jugador 4 |
| 20:36 | Rookie27 · tribute_sent a jugador 5 |
| 20:36 | Rookie27 · tribute_sent a jugador 6 |
| 20:36 | Rookie27 · tribute_sent a jugador 7 |
| 20:39 | Морозець · age_up castle |
| 20:58 | №×℗ · first_building Siege Workshop |
| 21:48 | junior_nyc · first_building Archery Range |
| 22:32 | tinchoxD1932 · first_building Monastery |
| 22:36 | Rookie27 · first_building Barracks |
| 22:42 | junior_nyc · first_building Siege Workshop |
| 23:05 | junior_nyc · first_market_buy 100 food |
| 23:06 | tinchoxD1932 · first_building Stable |
| 23:14 | tinchoxD1932 · first_building Siege Workshop |
| 23:21 | Rookie27 · wall_segment Stone Wall x11 |
| 23:26 | junior_nyc · first_building Stable |
| 25:11 | Øgusson · first_building Castle |
| 25:12 | LocalFukBoy · wall_segment Stone Wall x10 |
| 25:41 | junior_nyc · first_building Castle |
| 25:46 | Rookie27 · first_building Monastery |
| 25:52 | LocalFukBoy · wall_segment Stone Wall x1 |
| 26:31 | junior_nyc · first_market_sell 100 wood |
| 26:32 | Aqui es GG · first_building Castle |
| 26:41 | LocalFukBoy · first_market_sell 100 wood |
| 26:52 | LocalFukBoy · first_building Monastery |
| 26:57 | Rookie27 · wall_segment Stone Wall x1 |
| 26:59 | Rookie27 · wall_segment Stone Wall x5 |
| 27:12 | Морозець · first_building Castle |
| 27:26 | LocalFukBoy · first_building Stable |
| 27:28 | Aqui es GG · first_building Monastery |
| 28:40 | tinchoxD1932 · first_building Castle |
| 28:41 | Rookie27 · first_market_sell 100 food |
| 28:46 | №×℗ · first_building Castle |
| 29:09 | Rookie27 · first_building Archery Range |
| 29:17 | Øgusson · first_building Siege Workshop |
| 30:07 | Aqui es GG · first_building Barracks |
| 30:11 | junior_nyc · age_up imperial |
| 30:13 | Rookie27 · wall_segment Stone Wall x5 |
| 30:21 | LocalFukBoy · age_up imperial |
| 31:10 | Aqui es GG · first_building Archery Range |
| 31:31 | Aqui es GG · first_building Siege Workshop |
| 31:42 | №×℗ · first_building Archery Range |
| 31:46 | Aqui es GG · age_up imperial |
| 32:02 | Морозець · first_building Siege Workshop |
| 32:02 | Rookie27 · age_up imperial |
| 33:14 | №×℗ · age_up imperial |
| 33:52 | tinchoxD1932 · first_building Barracks |
| 33:59 | Øgusson · age_up imperial |
| 34:22 | Морозець · age_up imperial |
| 34:27 | №×℗ · first_market_sell 100 food |
| 35:41 | Морозець · first_building Barracks |
| 38:35 | Морозець · first_building Archery Range |
| 38:39 | Морозець · first_building Stable |
| 40:03 | Øgusson · first_market_sell 100 wood |
| 41:24 | Aqui es GG · wall_segment Stone Wall x5 |
| 43:26 | Rookie27 · first_building Siege Workshop |
| 45:53 | tinchoxD1932 · wall_segment Stone Wall x15 |
| 47:08 | Øgusson · first_building Stable |
| 49:37 | tinchoxD1932 · first_market_sell 100 wood |
| 50:24 | №×℗ · first_building Stable |
| 51:06 | junior_nyc · tribute_sent a jugador 1 |
| 51:06 | junior_nyc · tribute_sent a jugador 2 |
| 51:06 | junior_nyc · tribute_sent a jugador 3 |
| 51:06 | junior_nyc · tribute_sent a jugador 4 |
| 51:06 | junior_nyc · tribute_sent a jugador 5 |
| 51:06 | junior_nyc · tribute_sent a jugador 6 |
| 51:06 | junior_nyc · tribute_sent a jugador 8 |
| 51:53 | LocalFukBoy · tribute_sent a jugador 1 |
| 51:53 | LocalFukBoy · tribute_sent a jugador 2 |
| 51:53 | LocalFukBoy · tribute_sent a jugador 3 |
| 51:53 | LocalFukBoy · tribute_sent a jugador 4 |
| 51:53 | LocalFukBoy · tribute_sent a jugador 6 |
| 51:53 | LocalFukBoy · tribute_sent a jugador 7 |
| 51:53 | LocalFukBoy · tribute_sent a jugador 8 |
| 52:11 | Aqui es GG · first_market_sell 500 food |
| 52:21 | Aqui es GG · tribute_sent a jugador 1 |
| 52:21 | Aqui es GG · tribute_sent a jugador 2 |
| 52:21 | Aqui es GG · tribute_sent a jugador 4 |
| 52:21 | Aqui es GG · tribute_sent a jugador 5 |
| 52:21 | Aqui es GG · tribute_sent a jugador 6 |
| 52:21 | Aqui es GG · tribute_sent a jugador 7 |
| 52:21 | Aqui es GG · tribute_sent a jugador 8 |
| 54:54 | №×℗ · wall_segment Stone Wall x6 |
| 55:47 | LocalFukBoy · first_building Archery Range |
| 58:53 | junior_nyc · wall_segment Stone Wall x19 |
| 58:56 | Aqui es GG · tribute_sent a jugador 1 |
| 58:56 | Aqui es GG · tribute_sent a jugador 2 |
| 58:56 | Aqui es GG · tribute_sent a jugador 4 |
| 58:56 | Aqui es GG · tribute_sent a jugador 5 |
| 58:56 | Aqui es GG · tribute_sent a jugador 6 |
| 58:56 | Aqui es GG · tribute_sent a jugador 7 |
| 58:56 | Aqui es GG · tribute_sent a jugador 8 |
| 59:02 | Rookie27 · tribute_sent a jugador 1 |
| 59:02 | Rookie27 · tribute_sent a jugador 2 |
| 59:02 | Rookie27 · tribute_sent a jugador 3 |
| 59:02 | Rookie27 · tribute_sent a jugador 4 |
| 59:02 | Rookie27 · tribute_sent a jugador 5 |
| 59:02 | Rookie27 · tribute_sent a jugador 6 |
| 59:02 | Rookie27 · tribute_sent a jugador 7 |
| 59:30 | tinchoxD1932 · tribute_sent a jugador 1 |
| 59:30 | tinchoxD1932 · tribute_sent a jugador 2 |
| 59:30 | tinchoxD1932 · tribute_sent a jugador 3 |
| 59:30 | tinchoxD1932 · tribute_sent a jugador 4 |
| 59:30 | tinchoxD1932 · tribute_sent a jugador 5 |
| 59:30 | tinchoxD1932 · tribute_sent a jugador 7 |
| 59:30 | tinchoxD1932 · tribute_sent a jugador 8 |
| 60:38 | tinchoxD1932 · wall_segment Stone Wall x13 |
| 60:51 | tinchoxD1932 · wall_segment Stone Wall x11 |
| 60:59 | Øgusson · resign |
| 61:41 | Aqui es GG · first_building Stable |
| 66:21 | Морозець · tribute_sent a jugador 2 |
| 66:21 | Морозець · tribute_sent a jugador 3 |
| 66:21 | Морозець · tribute_sent a jugador 4 |
| 66:21 | Морозець · tribute_sent a jugador 5 |
| 66:22 | Морозець · tribute_sent a jugador 6 |
| 66:22 | Морозець · tribute_sent a jugador 7 |
| 66:22 | Морозець · tribute_sent a jugador 8 |
| 66:24 | Aqui es GG · tribute_sent a jugador 1 |
| 66:24 | Aqui es GG · tribute_sent a jugador 2 |
| 66:24 | Aqui es GG · tribute_sent a jugador 4 |
| 66:24 | Aqui es GG · tribute_sent a jugador 5 |
| 66:24 | Aqui es GG · tribute_sent a jugador 6 |
| 66:24 | Aqui es GG · tribute_sent a jugador 7 |
| 66:24 | Aqui es GG · tribute_sent a jugador 8 |
| 70:09 | tinchoxD1932 · wall_segment Stone Wall x12 |
| 71:16 | Rookie27 · wall_segment Stone Wall x4 |
| 71:32 | Морозець · tribute_sent a jugador 2 |
| 71:32 | Морозець · tribute_sent a jugador 3 |
| 71:32 | Морозець · tribute_sent a jugador 4 |
| 71:32 | Морозець · tribute_sent a jugador 5 |
| 71:32 | Морозець · tribute_sent a jugador 6 |
| 71:32 | Морозець · tribute_sent a jugador 7 |
| 71:32 | Морозець · tribute_sent a jugador 8 |
| 74:05 | Rookie27 · wall_segment Stone Wall x1 |
| 75:42 | №×℗ · first_market_buy 100 food |
| 82:48 | tinchoxD1932 · first_building Archery Range |
| 85:04 | Aqui es GG · tribute_sent a jugador 1 |
| 85:04 | Aqui es GG · tribute_sent a jugador 2 |
| 85:04 | Aqui es GG · tribute_sent a jugador 4 |
| 85:04 | Aqui es GG · tribute_sent a jugador 5 |
| 85:04 | Aqui es GG · tribute_sent a jugador 6 |
| 85:04 | Aqui es GG · tribute_sent a jugador 7 |
| 85:04 | Aqui es GG · tribute_sent a jugador 8 |
| 90:38 | junior_nyc · tribute_sent a jugador 1 |
| 90:38 | junior_nyc · tribute_sent a jugador 2 |
| 90:38 | junior_nyc · tribute_sent a jugador 3 |
| 90:38 | junior_nyc · tribute_sent a jugador 4 |
| 90:38 | junior_nyc · tribute_sent a jugador 5 |
| 90:38 | junior_nyc · tribute_sent a jugador 6 |
| 90:38 | junior_nyc · tribute_sent a jugador 8 |
| 90:40 | Морозець · tribute_sent a jugador 2 |
| 90:40 | Морозець · tribute_sent a jugador 3 |
| 90:40 | Морозець · tribute_sent a jugador 4 |
| 90:40 | Морозець · tribute_sent a jugador 5 |
| 90:40 | Морозець · tribute_sent a jugador 6 |
| 90:40 | Морозець · tribute_sent a jugador 7 |
| 90:40 | Морозець · tribute_sent a jugador 8 |
| 90:41 | Aqui es GG · tribute_sent a jugador 1 |
| 90:41 | Aqui es GG · tribute_sent a jugador 2 |
| 90:41 | Aqui es GG · tribute_sent a jugador 4 |
| 90:41 | Aqui es GG · tribute_sent a jugador 5 |
| 90:41 | Aqui es GG · tribute_sent a jugador 6 |
| 90:41 | Aqui es GG · tribute_sent a jugador 7 |
| 90:41 | Aqui es GG · tribute_sent a jugador 8 |
| 91:12 | Морозець · tribute_sent a jugador 2 |
| 91:12 | Морозець · tribute_sent a jugador 3 |
| 91:12 | Морозець · tribute_sent a jugador 4 |
| 91:12 | Морозець · tribute_sent a jugador 5 |
| 91:12 | Морозець · tribute_sent a jugador 6 |
| 91:12 | Морозець · tribute_sent a jugador 7 |
| 91:12 | Морозець · tribute_sent a jugador 8 |
| 92:36 | junior_nyc · wall_segment Stone Wall x15 |
| 93:13 | junior_nyc · wall_segment Stone Wall x7 |
[ AI ANALYSIS · 1 CREDIT ]
What really happened in this match?
Wolo.gg analyzes every decision: build order, eco, micro, common mistakes by bracket. Personalized analysis on WhatsApp or Discord in 30 seconds.
Civ guide
Byzantines
Perfil
Jugador #5438495